 Dungeon Crawl Stone Soup version 0.26.0-10-g1f06aea511 (webtiles) character file.

Game seed: 6286696415699277081

1489 Dracia the Grappler (level 8, -1/58 HPs)
             Began as a Demonspawn Fighter on Jan 20, 2021.
             Slain by a gnoll
             ... wielding a +0 halberd
              (14 damage)
             ... on level 6 of the Dungeon.
             The game lasted 00:12:51 (7543 turns).

Dracia the Grappler (Demonspawn Fighter)            Turns: 7543, Time: 00:12:51

Health: -1/58      AC:  7    Str: 18    XL:     8   Next: 51%
Magic:  8/8        EV:  9    Int: 10    God:
Gold:   289        SH:  5    Dex: 13    Spells: 7/7 levels left

rFire    . . .     SeeInvis .     - Unarmed
rCold    . . .     Faith    .   (no shield)
rNeg     . . .     Spirit   .   b - +0 scale mail
rPois    .         Reflect  +   (no helmet)
rElec    .         Harm     .   v - scarf {+Inv}
rCorr    +         Rampage  .   (no gloves)
Will     .....                  p - +0 pair of boots
Stlth    ..........             m - amulet of reflection
HPRegen  0.19/turn              (no ring)
MPRegen  0.11/turn              R - ring of resist corrosion

@: no status effects
A: claws 2, miasma immunity
a: Evoke Invisibility


You were on level 6 of the Dungeon.
You visited 1 branch of the dungeon, and saw 6 of its levels.
You also visited: Sewer.

You collected 289 gold pieces.


Innate Abilities, Weirdness & Mutations

You have very sharp fingernails.
You are immune to miasma.


   Skills:
 - Level 3.0 Fighting
 - Level 1.7 Short Blades
 - Level 2.9 Armour
 - Level 0.7 Dodging
 - Level 2.9 Shields
 + Level 9.5 Unarmed Combat


You had 7 spell levels left.
You didn't know any spells.
Your spell library contained the following spells:

 Spells                   Type           Power        Failure   Level
 Corona                   Hex            0%           75%         1
 Shock                    Conj/Air       0%           75%         1
 Swiftness                Air            0%           87%         2
 Static Discharge         Conj/Air       0%           98%         3
 Airstrike                Air            0%           100%        4
 Lightning Bolt           Conj/Air       0%           100%        5

Inventory:

Missiles
 e - 5 javelins (quivered)
 j - 18 poisoned darts
Armour
 b - a +0 scale mail (worn)
 c - a +0 kite shield
 f - a +1 cloak
 g - a +0 pair of gloves
 p - a +0 pair of boots (worn)
 v - a scarf of invisibility (worn)
Jewellery
 m - an amulet of reflection (around neck)
 t - an uncursed ring of teleportation
 R - a ring of resist corrosion (right claw)
Wands
 w - a wand of digging (5)
Scrolls
 n - a scroll of identify {@r1@r1}
 r - 2 scrolls of remove curse {@r2@r2}
 s - 2 scrolls of teleportation {@r4@r4}
Potions
 a - 5 potions of flight
 d - 3 potions of might
 h - 3 potions of heal wounds {@q2@q2}
 i - a potion of resistance {unknown}
 k - a potion of cancellation
 l - 2 potions of lignification
 o - a potion of brilliance {unknown}
 q - a potion of attraction {unknown}

Dungeon Overview and Level Annotations

Branches:
Dungeon (6/15)             Temple (0/1) D:4           Sewer (visited)

Altars:
Dithmenos
Kikubaaqudgha
Sif Muna
Vehumet

Annotations:
D:3 1 runed translucent door, emiel's ghost, amateur DsWn

## .. ##. .
..##### ..
#.#...##
#.##......#
..#....@....#
.....g.)....#
.......#)..##
#########.##
#.#### #....#
####.####
#.......#
#>##.##.#


You could see a gnoll.


Message History

The gnoll sergeant hits you from afar with a +2 trident of flaming.
The gnoll sergeant burns you.
You claw the gnoll!
The gnoll is severely wounded.
You claw the gnoll!
You kill the gnoll!
You block the gnoll sergeant's attack.
The gnoll hits you from afar with a +0 halberd!
Items here: $ ))) [[ ††.
You claw the gnoll sergeant!
The gnoll sergeant is moderately wounded.
The gnoll sergeant hits you with a +2 trident of flaming.
* * * LOW HITPOINT WARNING * * *
The gnoll sergeant burns you.
* * * LOW HITPOINT WARNING * * *
The gnoll closely misses you.
You claw the gnoll sergeant!
The gnoll sergeant is severely wounded.
The gnoll sergeant hits you with a +2 trident of flaming!
* * * LOW HITPOINT WARNING * * *
The gnoll sergeant burns you.
* * * LOW HITPOINT WARNING * * *
You scratch the gnoll sergeant but do no damage.
The gnoll sergeant is severely wounded.
The gnoll hits you but does no damage.
You claw the gnoll sergeant!
You kill the gnoll sergeant!
You block the gnoll's attack.
The gnoll hits you from afar with a +0 halberd!
You die...

Skill      XL: |  1  2  3  4  5  6  7  8 |
---------------+-------------------------+-----
Unarmed Combat | 1 2 4 5 6 8 9 |  9.5
Fighting       | |  3.0
Short Blades   | |  1.7
Armour         | |  2.9
Dodging        | |  0.7
Shields        | |  2.9

Action                   |  1- 3 |  4- 6 |  7- 9 || total
-------------------------+-------+-------+-------++-------
Melee: Rapier            |    36 |       |       ||    36
       Unarmed           |   132 |   222 |   311 ||   665
       Punch             |       |     3 |    10 ||    13
Throw: Javelin           |       |       |     5 ||     5
  Use: Scroll            |     2 |     5 |     6 ||    13
       Potion            |       |     1 |       ||     1
Armor: Scale mail        |    84 |    93 |    97 ||   274
Dodge: Dodged            |    84 |    64 |   111 ||   259
Block: Kite shield       |    22 |       |       ||    22
       Other             |    14 |    56 |    52 ||   122
       Reflection        |     2 |       |       ||     2

Levels and vault maps discovered:
D:1:      dpeg_arrival_pond, layout_basic, minmay_tree_intersection,
          kennysheep_another_room
D:2:      layout_basic, grunt_temple_overflow_magic_moments,
          corexii_item_surrounded_by_moat, kennysheep_generic_room_7
D:3:      layout_loops_cross, ebering_ghost_reflecting_pool,
          chequers_serial_rivers_small_b
D:4:      layout_basic, minmay_temple_entry_glassed_door,
          nicolae_dithmenos_shadow_blocks
D:5:      layout_basic, portal_sewer_entry_e
D:6:      layout_loops_cross

Notes
Turn   | Place    | Note
-------+----------+-------------------------------------------
     0 | D:1      | Dracia the Demonspawn Fighter began the quest for the Orb.
     0 | D:1      | Reached XP level 1. HP: 18/18 MP: 1/1
   175 | D:1      | Gained mutation: You have sharp fingernails. [demonic
                  | ancestry]
   175 | D:1      | Reached XP level 2. HP: 21/24 MP: 2/2
   370 | D:1      | Reached skill level 1 in Unarmed Combat
   867 | D:1      | Reached XP level 3. HP: 28/29 MP: 3/3
  1177 | D:2      | Reached skill level 2 in Unarmed Combat
  1288 | D:2      | Found an ancient bone altar of Kikubaaqudgha.
  1738 | D:2      | Reached XP level 4. HP: 34/35 MP: 4/4
  2251 | D:2      | Reached skill level 3 in Unarmed Combat
  2304 | D:2      | Found a shimmering blue altar of Sif Muna.
  2306 | D:2      | Found a radiant altar of Vehumet.
  2312 | D:2      | Identified Sif Muna's Papyrus of Bewitchment
  2564 | D:3      | Noticed a centaur
  2581 | D:3      | Killed a centaur
  2582 | D:3      | Reached skill level 4 in Unarmed Combat
  2582 | D:3      | Gained mutation: You are immune to miasma. [demonic
                  | ancestry]
  2582 | D:3      | Reached XP level 5. HP: 25/41 MP: 5/5
  3068 | D:3      | Found a runed translucent door.
  3073 | D:3      | Noticed emiel's ghost (amateur DsWn)
  3476 | D:4      | Reached skill level 5 in Unarmed Combat
  3476 | D:4      | Reached XP level 6. HP: 31/47 MP: 6/6
  3682 | D:4      | Found a shadowy altar of Dithmenos.
  3723 | D:4      | HP: 1/47 [orc priest/divine providence (14)]
  3728 | D:4      | Reached skill level 6 in Unarmed Combat
  3995 | D:4      | Found a staircase to the Ecumenical Temple.
  4012 | D:4      | Gained mutation: You have very sharp fingernails. [demonic
                  | ancestry]
  4012 | D:4      | Reached XP level 7. HP: 51/52 MP: 7/7
  4494 | D:5      | Entered Level 5 of the Dungeon
  4872 | D:5      | Found a glowing drain.
  4877 | Sewer    | Entered a sewer
  4995 | Sewer    | Reached skill level 7 in Unarmed Combat
  6615 | D:5      | Reached skill level 8 in Unarmed Combat
  6832 | D:6      | Reached XP level 8. HP: 57/58 MP: 8/8
  6917 | D:6      | HP: 5/58 [ufetubus (2)]
  7227 | D:6      | Reached skill level 9 in Unarmed Combat
  7543 | D:6      | Slain by a gnoll

Vanquished Creatures
  A black bear (D:6)
  2 centaurs
  An ogre (D:5)
  2 bullfrogs (D:6)
  A gnoll sergeant (D:6)
  A howler monkey (D:5)
  2 orc priests (D:4)
  2 hounds (D:4)
  A jelly (D:6)
  2 iguanas
  A merfolk siren (Sewer)
  5 orc wizards
  3 worker ants
  A merfolk avatar (Sewer)
  A hound zombie (D:5)
  A hound skeleton (D:5)
  A howler monkey zombie (D:5)
  A worker ant zombie (D:5)
  7 gnolls
  14 adders
  3 river rats
  2 shadow imps (D:6)
  An ufetubus (D:6)
  An ooze (D:3)
  2 adder skeletons
  3 worms
  3 dart slugs
  6 leopard geckos
  16 orcs
  11 bats
  10 giant cockroaches
  8 hobgoblins
  10 jackals
  7 kobolds
  6 quokkas
  4 ball pythons
  9 frilled lizards
  11 goblins
  2 leopard gecko skeletons
  31 rats
196 creatures vanquished.

Table legend: (Time is in decaauts)
 A = Elapsed time spent in this place.
 B = Non-inter-level travel time spent in this place.
 C = Inter-level travel time spent in this place.
 D = Time resting spent in this place.
 E = Time spent auto-exploring this place.
 F = Levels seen in this place.
 G = Mean time per level.
                   A        B        C        D        E       F      G
               +--------+--------+--------+--------+--------+-----+--------+
         Total |   7538 |   7419 |    119 |    692 |   5198 |   7 | 1076.9 |
       Dungeon |   6684 |   6565 |    119 |    548 |   4722 |   6 | 1114.0 |
         Sewer |    853 |    853 |      0 |    144 |    476 |   1 |  853.0 |
               +--------+--------+--------+--------+--------+-----+--------+

Top non-repeatable levels by time:
     D:5: 1467 daAuts
     D:2: 1200 daAuts
     D:1: 1174 daAuts
     D:4: 1144 daAuts
     D:3: 960 daAuts
   Sewer: 853 daAuts
     D:6: 738 daAuts

Table legend:
 A = Non-vault XP
 B = Vault XP
 C = Vault XP percentage of total XP
 D = Non-vault monster count
 E = Vault monster count
 F = Vault count percentage of total count
                 A         B        C        D         E       F
            +---------+---------+-------+---------+---------+-------
      Total |    1907 |     221 |  10.4 |     147 |      49 |  25.0
            +---------+---------+-------+---------+---------+-------
        D:1 |      46 |       0 |   0.0 |      26 |       0 |   0.0
        D:2 |      62 |      14 |  18.4 |      25 |       2 |   7.4
        D:3 |     220 |       0 |   0.0 |      28 |       0 |   0.0
        D:4 |     433 |       0 |   0.0 |      26 |       0 |   0.0
        D:5 |     383 |      35 |   8.4 |      19 |       8 |  29.6
        D:6 |     763 |       0 |   0.0 |      23 |       0 |   0.0
      Sewer |       0 |     172 | 100.0 |       0 |      39 | 100.0
            +---------+---------+-------+---------+---------+-------
